AoeStats
← RoR | Vodka_L_2

Arabian Desert

510116263Analyzed
1v1 RM · 3d ago on Sep 29, 2026· 19m 48s· 2 players
Game mode
Random Map
Map size
Tiny (2 player)
Population
200
Speed
Normal
Resources
Standard
Victory
Conquest
Starting age
Dark Age
Ending age
Imperial Age
RankedLock teamsTeams togetherTeam positionsShared explorationLock speedFull tech treeHidden civsTurbo modeCheats
Victory
Defeat
🇮🇹 Spanish · Italy
2823
+7
🇮🇹 Danes · Italy
2592
-7
RoR | Vodka_L_2
6:33 Loom
8:54 Feudal Age
9:25 Double-Bit Axe
13:02 Fletching
21:30 Castle Age
19:52 Horse Collar
wR.Nicov
5:29 Loom
8:20 Feudal Age
8:53 Double-Bit Axe
9:40 Horse Collar
13:16 Fletching
17:04 Forging
22:24 Castle Age
Connection lost

Rejoining the realm…

Still unreachable

The connection could not be restored.

Session expired

The server has moved on; the page needs a fresh start.